 Dungeon Crawl Stone Soup version 0.30.1-1-g62c8e00024 (webtiles) character file.

Game seed: 6769437841197875794

6012 Fodor the Cruncher (level 10, -2/91 HPs)
             Began as a Minotaur Fighter on July 14, 2023.
             Succumbed to an orc warrior's poison
             ... on level 10 of the Dungeon.
             The game lasted 00:45:58 (8224 turns).

Fodor the Cruncher (Minotaur Fighter)               Turns: 8224, Time: 00:45:59

Health: -2/91      AC: 16    Str: 25    XL:     10   Next: 56%
Magic:  9/9        EV: 16    Int:  5    God:
Gold:   433        SH:  0    Dex: 10    Spells: 9/9 levels left

rFire   + . .        n - +5 quarterstaff
rCold   . . .        (shield currently unavailable)
rNeg    . . .        b - +0 scale mail
rPois   .            (helmet restricted)
rElec   .            y - +2 cloak
rCorr   .            t - +2 pair of gloves
SInv    .            p - +0 pair of boots
Will    .....        (no amulet) Stlth
                     a - ring of Uxischostri {rF+ EV+5}
HPRegen 0.35/turn    g - +4 ring of slaying
MPRegen 0.11/turn

%: no passive effects
@: lethally poisoned (-2 -> -13), about to teleport
A: horns 2, retaliatory headbutt
a: no special abilities


You were on level 10 of the Dungeon.
You visited 2 branches of the dungeon, and saw 11 of its levels.

You collected 577 gold pieces.
You spent 144 gold pieces at shops.

Inventory:

Hand Weapons
 n - a +5 quarterstaff (weapon)
 v - a +0 longbow
 x - a +1 flail of protection
Missiles
 o - a throwing net
 z - 26 poisoned darts (quivered)
 E - a boomerang of dispersal
 K - 5 curare-tipped darts
Armour
 b - a +0 scale mail (worn)
 i - a +0 kite shield
 p - a +0 pair of boots (worn)
 t - a +2 pair of gloves (worn)
 y - a +2 cloak (worn)
Jewellery
 a - the ring of Uxischostri (left hand) {rF+ EV+5}
   (You took it off an orc priest on level 4 of the Dungeon)

   [ring of evasion]

   EV:        It affects your evasion (+5).
   rF:        It protects you from fire.
 g - a +4 ring of slaying (right hand)
 C - a +6 ring of strength
 N - a +5 ring of evasion
Wands
 l - a wand of digging (5)
 r - a wand of iceblast (18)
 G - a wand of polymorph (7)
 J - a wand of flame (4)
Scrolls
 c - 3 scrolls of noise
 e - 6 scrolls of teleportation
 f - 3 scrolls of vulnerability
 j - 2 scrolls of fog
 k - 3 scrolls of poison
 u - 2 scrolls of magic mapping {unknown}
 w - 3 scrolls of silence
 F - a scroll of fear {unknown}
 M - a scroll of enchant weapon {unknown}
Potions
 d - a potion of might
 h - 3 potions of haste {unknown}
 m - a potion of cancellation {unknown}
 q - 2 potions of curing
 s - 2 potions of lignification {unknown}
 A - a potion of brilliance {unknown}
 B - 3 potions of heal wounds {unknown}
 D - 2 potions of attraction {unknown}
 H - 2 potions of degeneration {unknown}
 I - a potion of mutation {unknown}
 L - a potion of flight {unknown}


   Skills:
 + Level 9.0 Fighting
 + Level 5.6 Long Blades
 + Level 2.9(7.6) Maces & Flails
 + Level 11.0(11.2) Staves
 + Level 1.8 Throwing
 + Level 9.3 Armour
 + Level 4.8 Dodging
 + Level 1.5 Stealth
 + Level 6.0 Shields


You had 9 spell levels left.
You didn't know any spells.
Your spell library contained the following spells:

 Spells                   Type           Power      Damage    Failure   Level
 Freeze                   Ice            0%         1d3       73%         1
 Ensorcelled Hibernation  Hex/Ice        0%         N/A       86%         2
 Passwall                 Tmut/Erth      0%         N/A       86%         2
 Dazzling Flash           Conj/Hex       0%         N/A       97%         3
 Frozen Ramparts          Ice            0%         1d1       97%         3
 Hailstorm                Conj/Ice       0%         3d3       97%         3
 Inner Flame              Hex/Fire       0%         N/A       97%         3
 Swiftness                Air            0%         N/A       97%         3
 Agony                    Necr           0%         N/A       100%        5
 Silence                  Hex/Air        0%         N/A       100%        5
 Yara's Violent Unravell  Hex/Tmut       0%         3d3       100%        5
 Enfeeble                 Hex            0%         N/A       100%        7


Dungeon Overview and Level Annotations

Branches:
Dungeon (10/15)            Temple (1/1) D:5             Orc (0/2) D:10
   Lair: D:8-11

Altars:
Ashenzari
Cheibriados
Dithmenos
Elyvilon
Fedhas
Hepliaklqana
Kikubaaqudgha
Makhleb
Nemelex Xobeh
Okawaru
Qazlal
Ru
Sif Muna
Trog
Uskayaw
Vehumet
Xom
Yredelemnul
Zin
The Shining One

Shops:
D:6 *


Innate Abilities, Weirdness & Mutations

You have a pair of horns on your head.
You reflexively headbutt those who attack you in melee.


Message History

The orc warrior is moderately wounded.
You feel sick.
The orc warrior hits you with a +0 glaive of venom.
You are more poisoned.
You bludgeon the orc warrior!!
The orc warrior is almost dead.
You feel very sick.
You barely miss the orc warrior.
The orc warrior is almost dead.
You feel very sick.
The orc warrior hits you with a +0 glaive of venom!!
* * * LOW HITPOINT WARNING * * *
You are lethally poisoned!
You barely miss the orc warrior.
The orc warrior is almost dead.
* * * LOW HITPOINT WARNING * * *
You feel very sick. The orc warrior completely misses you.
You hit the orc warrior.
You kill the orc warrior!
* * * LOW HITPOINT WARNING * * *
You feel very sick.
* * * LOW HITPOINT WARNING * * *
You feel very sick.
The orc suddenly cheers, as Orcs often do.
The orc closely misses you. x2; You furiously retaliate!
You headbutt the orc.
Items here: ( ) [ †.
You closely miss the orc. You headbutt the orc, but do no damage.
* * * LOW HITPOINT WARNING * * *
You feel very sick. The orc barely misses you.
The orc hits you but does no damage.
You sock the orc!
You kill the orc!
* * * LOW HITPOINT WARNING * * *
You feel sick.
The orc priest looks braver for a moment.
The orc barely misses you.
As you read the scroll of teleportation, it crumbles to dust.
You feel strangely unstable.
You die...

#.........####..#.....#...
##.#.#.#..#.###.#.....#..)
.........#..######'####..
.#.#.#..'...###.....###.
######.#....###.....###
#.#.....###.....##
#.##.....###.....# .
#)###.....###..... ...
#@#####'#######'##
#...#ooo..............
#.ooo$..............
.....oo.###############
###8o8### 8o..oo ......
._..⌠.. .......


You could see 2 orc priests and 9 orcs.

Vanquished Creatures
  A two-headed ogre (D:10)
  Joseph (D:9)
  3 trolls
  Grinder (D:3)
  A wyvern (D:6)
  A yak (D:10)
  Duvessa (D:7)
  An acid dragon (D:5)
  3 water moccasins
  A sky beast (D:6)
  A black bear (D:6)
  4 orc warriors
  A phantom (D:6)
  5 centaurs
  3 kobold brigands
  4 bullfrogs
  A gnoll sergeant (D:9)
  A scorpion (D:3)
  4 wights (D:10)
  Dowan (D:7)
  12 killer bees
  Crazy Yiuf (D:4)
  7 orc priests
  2 gnoll boudas
  A jelly (D:4)
  2 sleepcaps
  3 iguanas
  Terence (D:3)
  6 orc wizards
  Ijyb (D:3)
  Natasha (D:2)
  11 gnolls
  12 adders
  A white imp (D:7)
  An ufetubus (D:5)
  6 dart slugs
  43 orcs
  9 ball pythons
  5 bats
  6 endoplasms
  4 giant cockroaches (D:1)
  6 goblins
  5 hobgoblins
  29 kobolds
  2 quokkas
  5 frilled lizards
  5 rats
226 creatures vanquished.

Notes
Turn   | Place    | Note
-------+----------+-------------------------------------------
     0 | D:1      | Fodor the Minotaur Fighter began the quest for the Orb.
     0 | D:1      | Reached XP level 1. HP: 19/19 MP: 0/0
   163 | D:1      | Reached XP level 2. HP: 27/27 MP: 1/1
   316 | D:1      | Found a faded altar of an unknown god.
   567 | D:2      | Reached XP level 3. HP: 33/33 MP: 2/2
   699 | D:2      | Found a burning altar of Makhleb.
  1332 | D:2      | Reached XP level 4. HP: 40/40 MP: 3/3
  1530 | D:2      | Noticed Natasha
  1548 | D:2      | Killed Natasha
  1774 | D:3      | Noticed Ijyb
  1801 | D:3      | Killed Ijyb
  1845 | D:3      | Reached XP level 5. HP: 38/47 MP: 4/4
  1859 | D:3      | Reached skill level 5 in Armour
  1859 | D:3      | Reached skill level 1 in Dodging
  1859 | D:3      | Reached skill level 5 in Shields
  1877 | D:3      | Found a hide-covered altar of Uskayaw.
  1971 | D:3      | Noticed Terence
  1987 | D:3      | Killed Terence
  2017 | D:3      | Found a broken altar of Ashenzari.
  2035 | D:3      | Noticed Grinder
  2051 | D:3      | Paralysed by Grinder for 3 turns
  2077 | D:3      | Killed Grinder
  2078 | D:3      | Reached XP level 6. HP: 32/53 MP: 5/5
  2300 | D:3      | Found an iron altar of Okawaru.
  2517 | D:4      | Found a bloodstained altar of Trog.
  2644 | D:4      | Found a hazy altar of Hepliaklqana.
  2769 | D:4      | Reached skill level 5 in Long Blades
  3079 | D:4      | Identified the ring of Uxischostri {rF+ EV+5}
  3091 | D:4      | Reached XP level 7. HP: 44/60 MP: 6/6
  3108 | D:4      | Found a runed translucent door.
  3109 | D:4      | Noticed Crazy Yiuf
  3121 | D:4      | Killed Crazy Yiuf
  3233 | D:4      | Found an ancient bone altar of Kikubaaqudgha.
  3239 | D:4      | Found a stormy altar of Qazlal.
  3433 | D:4      | Reached skill level 5 in Fighting
  3458 | D:5      | Entered Level 5 of the Dungeon
  3525 | D:5      | Found a staircase to the Ecumenical Temple.
  3538 | Temple   | Entered the Ecumenical Temple
  3642 | D:5      | Reached skill level 1 in Maces & Flails
  3798 | D:5      | Reached skill level 1 in Staves
  3799 | D:5      | Found a burning altar of Makhleb.
  4092 | D:5      | Reached skill level 2 in Staves
  4259 | D:6      | Noticed a troll
  4266 | D:6      | Reached skill level 3 in Staves
  4272 | D:6      | Killed a troll
  4273 | D:6      | Reached skill level 4 in Staves
  4273 | D:6      | Reached XP level 8. HP: 6/70 MP: 7/7
  4511 | D:6      | Found a snail-covered altar of Cheibriados.
  4703 | D:6      | Reached skill level 5 in Staves
  4892 | D:6      | Reached skill level 6 in Staves
  5147 | D:6      | Found Peifewir's Elemental Accessories.
  5155 | D:6      | Bought a wand of iceblast (5) for 144 gold pieces
  5618 | D:7      | Found a sacrificial altar of Ru.
  5705 | D:7      | Noticed Dowan
  5707 | D:7      | Noticed Duvessa
  5710 | D:7      | Killed Dowan
  5711 | D:7      | Reached XP level 9. HP: 78/78 MP: 8/8
  5718 | D:7      | Killed Duvessa
  5719 | D:7      | Reached skill level 7 in Staves
  6281 | D:8      | Reached skill level 1 in Stealth
  6303 | D:8      | Reached skill level 8 in Staves
  6476 | D:8      | Found a radiant altar of Vehumet.
  6871 | D:8      | Reached skill level 9 in Staves
  7014 | D:9      | Noticed a troll
  7021 | D:9      | Killed a troll
  7054 | D:9      | You fall into a shaft and drop 1 floor!
  7054 | D:10     | Entered Level 10 of the Dungeon
  7094 | D:9      | Noticed Joseph
  7113 | D:9      | Killed Joseph
  7183 | D:9      | Found a shimmering altar of Xom.
  7273 | D:9      | Found a white marble altar of Elyvilon.
  7425 | D:9      | Reached XP level 10. HP: 72/88 MP: 9/9
  7806 | D:10     | Reached skill level 10 in Staves
  7861 | D:10     | Found a shimmering blue altar of Sif Muna.
  8087 | D:10     | Reached skill level 1 in Throwing
  8156 | D:10     | Noticed a two-headed ogre
  8163 | D:10     | Killed a two-headed ogre
  8200 | D:10     | Found a staircase to the Orcish Mines.
  8214 | D:10     | Reached skill level 11 in Staves
  8222 | D:10     | HP: 3/91 [poisoned by an orc warrior]
  8223 | D:10     | HP: 1/91 [poisoned by an orc warrior]
  8224 | D:10     | Succumbed to an orc warrior's poison

Illustrated notes

Levels and vault maps discovered:
D:1:      dpeg_arrival_solitude, layout_rooms, nicolae_ecumenical_snake_handling
D:2:      layout_basic, basic_altar, minmay_splitting_lines,
          minmay_tree_intersection, bh_walls_and_bars, uniq_natasha
D:3:      layout_basic, nicolae_uskayaw_suspiria, old_standard_altar,
          nicolae_ashenzari_panopticon, feat_on_display, uniq_grinder,
          uniq_ijyb, uniq_terence
D:4:      layout_loops_ring, trog_three_pillars_becter,
          nicolae_hepliaklqana_hippocampus, grunt_temple_overflow_open,
          minmay_hedge_maze, kennysheep_generic_room_6, uniq_crazy_yiuf_cottage
D:5:      layout_basic, bloody_makhleb, minmay_temple_entry_glassed_door
D:6:      kennysheep_kobold_camp, layout_cave_pools, kennysheep_slug_shrine,
          nicolae_elemental_shop
D:7:      layout_loops_ring, amcnicky_altar_gilded, feat_on_display,
          uniq_duvessa
D:8:      layout_loops_ring, lemuel_doored_altar
D:9:      layout_rooms, xom_teletrap_fun, elyvilon_altar_1, uniq_joseph
D:10:     layout_rooms, general_overflow_altar,
          nicolae_wu_jian_immortal_techniques, nicolae_gozag_seed_capital,
          david_lair_generic, david_orc_5, st_stairs_8, minmay_quadrilaterals,
          uniq_gastronok
Temple:   hellmonk_temple_two_chambers

Skill      XL: |  1  2  3  4  5  6  7  8  9 10 |
---------------+-------------------------------+-----
Shields        | 4 5 6 |  6.0
Armour         | 4 5 6 7 8 9 |  9.3
Fighting       | 4 5 6 8 9 |  9.0
Long Blades    | 3 4 5 |  5.6
Dodging        | 1 2 3 4 |  4.8
Maces & Flails | 2 |  2.9
Staves         | 4 6 9 11 | 11.0
Stealth        | 1 |  1.5
Throwing       | 1 |  1.8

Action                     |  1- 3 |  4- 6 |  7- 9 | 10-12 || total
---------------------------+-------+-------+-------+-------++-------
  Melee: Long sword        |    72 |   148 |       |       ||   220
         Headbutt          |    10 |    24 |    39 |    13 ||    86
         Quarterstaff      |       |       |   241 |    64 ||   305
         Flail             |       |       |    20 |       ||    20
  Throw: Dart              |       |       |     6 |     5 ||    11
    Use: Potion            |       |     2 |       |       ||     2
         Scroll            |       |       |     6 |     1 ||     7
 Armour: Scale mail        |    48 |    80 |   124 |    40 ||   292
  Dodge: Dodged            |    35 |    60 |   228 |    89 ||   412
  Block: Buckler           |     7 |       |       |       ||     7
         Kite shield       |    26 |    93 |    13 |       ||   132
